 Dungeon Crawl Stone Soup version 0.30.1-11-g7821555f0a (webtiles) character file.

Game seed: 12756732758965094401

9944 Ivernyr the Cruncher (level 11, -2/89 HPs)
             Began as a Formicid Fighter on Dec 6, 2023.
             Was a Priest of Wu Jian.
             Slain by a catoblepas (3 damage)
             ... while petrified by a basilisk
             ... on level 11 of the Dungeon.
             The game lasted 00:24:26 (9160 turns).

Ivernyr the Cruncher (Formicid Fighter)             Turns: 9160, Time: 00:24:26

Health: -2/89      AC: 13    Str: 23    XL:     11   Next: 83%
Magic:  11/11      EV:  2    Int:  8    God:    Wu Jian [***...]
Gold:   355        SH:  0    Dex: 14    Spells: 10/10 levels left

rFire   + . .        F - +1 quarterstaff of Bodily Harmony {freeze, rF+}
rCold   . . .        c - +0 buckler
rNeg    + + +        b - +0 acid dragon scales
rPois   ∞            (helmet unavailable)
rElec   .            m - +2 ratskin cloak {*Rats rPois rN+ Str-1 Int-1 Dex+1}
rCorr   +            (no gloves)
SInv    +            B - +0 pair of boots
Will    +....        i - amulet of regeneration
Stlth   +            (no ring)
HPRegen 1.14/turn    (no ring)
MPRegen 0.12/turn

%: no passive effects
@: petrified
A: permanent stasis, dig shafts and tunnels, antennae 3, four strong arms
a: Dig, Shaft Self, Renounce Religion, Wall Jump, Serpent's Lash


You were on level 11 of the Dungeon.
You worshipped Wu Jian.
Wu Jian was most pleased with you.
You visited 2 branches of the dungeon, and saw 12 of its levels.

You collected 499 gold pieces.
You spent 144 gold pieces at shops.

Inventory:

Hand Weapons
 a - a +3 quarterstaff of chaos
 F - the +1 quarterstaff of Bodily Harmony (weapon) {freeze, rF+}
   (You bought it in a shop on level 7 of the Dungeon)

   rF:        It protects you from fire.
Missiles
 u - 4 throwing nets
Armour
 b - +0 acid dragon scales (worn)
 c - a +0 buckler (worn)
 m - the +2 ratskin cloak (worn) {*Rats rPois rN+ Str-1 Int-1 Dex+1}
   (You found it on level 7 of the Dungeon)

   *Rats:     When the wearer is hurt, rats may emerge from it to assist them.
   Str:       It affects your strength (-1).
   Int:       It affects your intelligence (-1).
   Dex:       It affects your dexterity (+1).
   rPois:     It protects you from poison.
   rN:        It protects you from negative energy.
 B - a +0 pair of boots (worn)
Jewellery
 i - an amulet of regeneration (around neck)
Wands
 s - a wand of flame (11)
 w - a wand of iceblast (5)
 y - a wand of light (16)
 C - a wand of paralysis (16)
Scrolls
 e - 2 scrolls of enchant armour {unknown}
 g - 3 scrolls of amnesia {unknown}
 h - 2 scrolls of butterflies {unknown}
 j - a scroll of torment {unknown}
 l - 2 scrolls of noise {unknown}
 q - 2 scrolls of poison {unknown}
 r - 3 scrolls of identify {unknown}
 t - 4 scrolls of fog {unknown}
 v - 4 scrolls of brand weapon {unknown}
 E - a scroll of immolation {unknown}
 I - a scroll of blinking {unknown}
 J - a scroll of fear {unknown}
Potions
 d - 2 potions of might
 f - 3 potions of heal wounds {unknown}
 k - 3 potions of degeneration {unknown}
 n - 3 potions of ambrosia {unknown}
 o - a potion of berserk rage {unknown}
 p - 5 potions of curing
 x - a potion of resistance {unknown}
 z - a potion of flight {unknown}
 A - 2 potions of brilliance {unknown}
 D - 4 potions of mutation {unknown}
 G - 3 potions of attraction {unknown}
 H - 3 potions of invisibility {unknown}


   Skills:
 + Level 9.4 Fighting
 * Level 11.5 Staves
 + Level 9.4 Armour
 + Level 11.2 Shields


You had 10 spell levels left.
You didn't know any spells.
Your spell library contained the following spells:

 Spells                   Type           Power      Damage    Failure   Level
 Slow                     Hex            0%         N/A       52%         1
 Confusing Touch          Hex            0%         N/A       87%         3
 Ozocubu's Armour         Ice            0%         N/A       87%         3
 Tukima's Dance           Hex            0%         N/A       87%         3
 Vampiric Draining        Necr           0%         2d6       87%         3
 Passage of Golubria      Tloc           0%         N/A       99%         4
 Yara's Violent Unravell  Hex/Tmut       0%         3d3       100%        5
 Ozocubu's Refrigeration  Ice            0%         4d7       100%        7


Dungeon Overview and Level Annotations

Branches:
Dungeon (11/15)            Temple (1/1) D:6            Lair (0/5) D:11
    Orc (0/2) D:11

Altars:
Ashenzari
Cheibriados
Dithmenos
Elyvilon
Fedhas
Gozag
Hepliaklqana
Kikubaaqudgha
Makhleb
Nemelex Xobeh
Okawaru
Qazlal
Ru
Sif Muna
Trog
Uskayaw
Vehumet
Wu Jian
Xom
Yredelemnul
Zin
The Shining One

Shops:
D:4 *   D:7 *   D:9 *


Innate Abilities, Weirdness & Mutations

You cannot be hasted, slowed, berserked, paralysed or teleported.
You can dig through walls and to a lower floor.
You have a pair of large antennae on your head. (SInv)
Your four strong arms can wield two-handed weapons with a shield.


Message History

You easily resist.
The basilisk gazes at you.
You easily resist.
The basilisk gazes at you.
You are slowing down.
The basilisk gazes at you.
You easily resist.
The catoblepas breathes a plume of calcifying dust at you.
The blast of calcifying dust hits you.
Your limbs are stiffening.
You are engulfed in calcifying dust.
Your limbs have turned to stone.
You have turned to stone.
You stop ascending the stairs.
You are engulfed in calcifying dust. x3
The two-headed ogre is engulfed in calcifying dust.
The two-headed ogre is moving more slowly.
The catoblepas gores you!!
The two-headed ogre hits you with a +0 giant club!
The two-headed ogre hits you with a +0 giant spiked club!
The catoblepas gores you but does no damage.
The two-headed ogre is engulfed in calcifying dust.
The two-headed ogre stops moving altogether!
The gargoyle hurls a stone arrow at you.
The stone arrow hits you!! The catoblepas gores you!!
The two-headed ogre hits you but does no damage.
The two-headed ogre hits you with a +0 giant spiked club!
The gargoyle hurls a stone arrow at you.
The stone arrow hits you!
* * * LOW HITPOINT WARNING * * *
The catoblepas gores you!
* * * LOW HITPOINT WARNING * * *
The two-headed ogre hits you with a +0 giant club!
* * * LOW HITPOINT WARNING * * *
The two-headed ogre hits you with a +0 giant spiked club!
* * * LOW HITPOINT WARNING * * *
The gargoyle hits you with a +0 morningstar!
* * * LOW HITPOINT WARNING * * *
The catoblepas gores you but does no damage.
The gargoyle hits you with a +0 morningstar!
* * * LOW HITPOINT WARNING * * *
The catoblepas gores you.
You die...

)..........#...#..#### #OO{.l.
...........'._.'..# #)#{..#
........####...#..# ##.##{..
#########.# #.#.#..# #{{###{#
........#.# #.#.#..# #{{.###{
........#.# #####..# #Ol..###
......).#.# #O).######l....##
.......['.#######9.O............#
#########.......@Yl.5............
.................Ol..............
............................#####
.......#############...†....#
.......# #........# { .......#
#..###...# .......# #..# #...#
.......# #..# #...# ..###### #..#
#.....


You could see a catoblepas, 3 two-headed ogres, 2 basilisks, a gargoyle and a
crimson imp.

Vanquished Creatures
  A centaur warrior (D:8)
  Harold (D:10)
  A two-headed ogre (D:11)
  Maggie (D:6)
  An unseen horror (D:11)
  A kobold demonologist (D:8)
  2 trolls (D:11)
  A hornet (D:10)
  A hornet (shapeshifter) (D:7)
  Grinder (D:4)
  Sigmund (D:2)
  2 wyverns
  5 yaks (D:9)
  A basilisk (shapeshifter) (D:4)
  A steam dragon (D:10)
  Edmund (D:5)
  An acid dragon (D:10)
  4 water moccasins
  2 ice beasts
  3 orc warriors
  2 sky beasts
  A black bear (D:5)
  3 centaurs
  2 ogres
  4 kobold brigands
  4 bullfrogs
  A gnoll sergeant (D:9)
  20 wights
  3 killer bees (D:7)
  2 howler monkeys
  2 crimson imps (D:11)
  Crazy Yiuf (D:2)
  3 orc priests
  3 hounds
  A gnoll bouda (D:5)
  Jessica (D:2)
  8 orc wizards
  3 sleepcaps
  Ijyb (D:5)
  Natasha (D:3)
  2 iguanas
  3 hell rats (D:7)
  11 gnolls
  9 adders
  16 river rats (D:7)
  A white imp (D:4)
  A worm (D:3)
  15 dart slugs
  29 orcs
  6 bats
  6 endoplasms
  2 giant cockroaches
  7 goblins
  12 hobgoblins
  2 jackals (D:1)
  15 kobolds
  4 quokkas
  11 ball pythons
  3 frilled lizards
  5 rats
258 creatures vanquished.

Vanquished Creatures (collateral kills)
  A yak (D:9)
  An orc (D:10)
  A kobold (D:8)
3 creatures vanquished.

Vanquished Creatures (others)
  An orc wizard (D:6)
  An orc (D:6)
  A goblin zombie (D:4)
3 creatures vanquished.

Grand Total: 264 creatures vanquished

Notes
Turn   | Place    | Note
-------+----------+-------------------------------------------
     0 | D:1      | Ivernyr the Formicid Fighter began the quest for the Orb.
     0 | D:1      | Reached XP level 1. HP: 18/18 MP: 1/1
    46 | D:1      | Reached XP level 2. HP: 24/24 MP: 2/2
   336 | D:1      | Reached XP level 3. HP: 29/29 MP: 3/3
   459 | D:1      | Found a faded altar of an unknown god.
   744 | D:2      | Noticed Sigmund
   763 | D:2      | Killed Sigmund
   764 | D:2      | Reached skill level 5 in Shields
   764 | D:2      | Reached XP level 4. HP: 30/37 MP: 4/4
   764 | D:2      | Reached XP level 5. HP: 35/42 MP: 5/5
   785 | D:2      | Reached XP level 6. HP: 48/48 MP: 6/6
   798 | D:2      | Noticed Jessica
   806 | D:2      | Killed Jessica
  1405 | D:2      | Identified the +8 whip "Ylas" {heavy, +Blink Will- Str+2
                  | Dex+8}
  1453 | D:2      | Found a runed translucent door.
  1454 | D:2      | Noticed Crazy Yiuf
  1468 | D:2      | Killed Crazy Yiuf
  1801 | D:3      | Found a white marble altar of Elyvilon.
  1844 | D:3      | Reached XP level 7. HP: 52/55 MP: 7/7
  1941 | D:3      | Noticed Natasha
  1967 | D:3      | Killed Natasha
  2262 | D:4      | Noticed Grinder
  2272 | D:4      | Killed Grinder
  2273 | D:4      | Reached skill level 5 in Fighting
  2273 | D:4      | Reached skill level 5 in Staves
  2273 | D:4      | Reached skill level 5 in Armour
  2419 | D:4      | Reached XP level 8. HP: 10/62 MP: 8/8
  2571 | D:4      | Found Cutsuvis's Assorted Antiques.
  2694 | D:4      | an adder changed into a shapeshifter
  2694 | D:4      | Noticed a shapeshifter (shapeshifter)
  2694 | D:4      | a shapeshifter changed into a basilisk
  2694 | D:4      | Noticed a basilisk (shapeshifter)
  2708 | D:4      | Killed a basilisk
  2944 | D:5      | Entered Level 5 of the Dungeon
  2944 | D:5      | Noticed Edmund
  2953 | D:5      | Killed Edmund
  3114 | D:5      | Found a glowing silver altar of Zin.
  3552 | D:5      | Reached XP level 9. HP: 69/69 MP: 9/9
  3678 | D:5      | Noticed Ijyb
  3691 | D:5      | Killed Ijyb
  4100 | D:6      | Found a staircase to the Ecumenical Temple.
  4147 | Temple   | Entered the Ecumenical Temple
  4444 | Temple   | Became a worshipper of the Wu Jian Council
  5248 | D:6      | Noticed Maggie
  5279 | D:6      | Killed Maggie
  5280 | D:6      | Reached XP level 10. HP: 18/79 MP: 10/10
  5430 | D:7      | Reached * piety under Wu Jian
  5588 | D:7      | a river rat changed into a glowing shapeshifter
  5588 | D:7      | Noticed a glowing shapeshifter (glowing shapeshifter)
  5588 | D:7      | a glowing shapeshifter changed into a snapping turtle
  5595 | D:7      | a merfolk changed into a cyclops
  5595 | D:7      | Noticed a cyclops (glowing shapeshifter)
  5597 | D:7      | a cyclops changed into a raiju
  5632 | D:7      | Found the +2 ratskin cloak {*Rats rPois rN+ Str-1 Int-1
                  | Dex+1}
  6289 | D:7      | Found Xoadeorr's Assorted Antiques.
  6303 | D:7      | Bought a crude quarterstaff for 144 gold pieces
  6303 | D:7      | Identified the +1 quarterstaff of Bodily Harmony {freeze,
                  | rF+} (You bought it in a shop on level 7 of the Dungeon)
  6599 | D:8      | Noticed a centaur warrior
  6614 | D:8      | Killed a centaur warrior
  6769 | D:8      | Noticed a kobold demonologist
  6783 | D:8      | Killed a kobold demonologist
  6784 | D:8      | Reached skill level 10 in Staves
  6787 | D:8      | Reached ** piety under Wu Jian
  6919 | D:8      | Reached skill level 10 in Shields
  7265 | D:9      | Reached XP level 11. HP: 71/87 MP: 11/11
  7780 | D:9      | Found a snail-covered altar of Cheibriados.
  7785 | D:9      | Found a hide-covered altar of Uskayaw.
  7882 | D:9      | Found Eqohu's Lightly-Used Armoury.
  8084 | D:10     | Entered Level 10 of the Dungeon
  8135 | D:10     | Found a radiant altar of Vehumet.
  8582 | D:10     | Noticed Harold
  8602 | D:10     | Killed Harold
  8801 | D:11     | Found a staircase to the Lair.
  8811 | D:11     | Reached *** piety under Wu Jian
  8950 | D:11     | Found a staircase to the Orcish Mines.
  9000 | D:11     | Found a shimmering altar of Xom.
  9099 | D:11     | Noticed a two-headed ogre
  9099 | D:11     | Noticed a two-headed ogre
  9100 | D:11     | Noticed a two-headed ogre
  9100 | D:11     | Noticed a catoblepas
  9100 | D:11     | Noticed a two-headed ogre
  9122 | D:11     | Killed a two-headed ogre
  9160 | D:11     | HP: 1/89 [gargoyle/+0 morningstar (5)]
  9160 | D:11     | Slain by a catoblepas

Illustrated notes

Levels and vault maps discovered:
D:1:      lightli_arrival_statuegarden, layout_basic,
          shapermc_ecumenical_altar_notcrosses, chequers_serial_rivers_room_a,
          minmay_misc_feat_nine_boxes
D:2:      layout_loops_corners, corexii_item_surrounded_by_moat,
          uniq_crazy_yiuf_cottage, uniq_sigmund, uniq_jessica
D:3:      kennysheep_big_flooded_room, layout_basic, marbit_many_paths,
          minmay_misc_feat_rows, minmay_misc_feat_hallway,
          chequers_serial_rivers_large_a, uniq_natasha
D:4:      layout_cave_pools, serial_shops, nicolae_shop_hallway_stairs,
          nicolae_concentric_dashed_squares_wild, kennysheep_dice, uniq_grinder
D:5:      kennysheep_slugbush, layout_basic, overflow_temple_1_default,
          uniq_edmund, uniq_ijyb
D:6:      layout_basic, minmay_temple_entry_offerings, uniq_maggie
D:7:      wander_guarded_unrand_ratskin, layout_loops_corners, serial_shops,
          nicolae_shop_tiny_glass
D:8:      layout_basic, special_room [special_room_orc], minmay_microvault
D:9:      layout_irregular_city, mainiacjoe_overflow_catwalk_spiral,
          minmay_shop_damaged, grunt_ministairs_5, hangedman_decor_push
D:10:     layout_roguey, vehumet_crystals, uniq_harold
D:11:     minmay_roctagon, layout_irregular_city, lair_entry_dummy, orc_0_dummy,
          led_xom_imps
Temple:   minmay_temple_bridge_d

Skill      XL: |  1  2  3  4  5  6  7  8  9 10 11 |
---------------+----------------------------------+-----
Fighting       | 4 5 6 7 8 9 |  9.4
Staves         | 3 4 5 6 8 10 11 | 11.5
Armour         | 4 5 6 7 8 9 |  9.4
Shields        | 5 6 7 8 10 11 | 11.2

Action                     |  1- 3 |  4- 6 |  7- 9 | 10-12 || total
---------------------------+-------+-------+-------+-------++-------
  Melee: Quarterstaff      |    66 |   126 |   275 |   447 ||   914
Ability: Lunge             |       |       |     8 |    26 ||    34
         Whirlwind         |       |       |       |    24 ||    24
    Use: Potion            |       |       |     1 |     1 ||     2
         Scroll            |       |       |       |     1 ||     1
   Stab: Confused          |       |       |       |     1 ||     1
         Petrified         |       |       |       |     7 ||     7
         Petrifying        |       |       |       |     3 ||     3
         Distracted        |       |       |       |     1 ||     1
 Armour: Scale mail        |    27 |    58 |    94 |   119 ||   298
         Acid dragon scale |       |       |       |    25 ||    25
  Dodge: Dodged            |    44 |    54 |    89 |   123 ||   310
  Block: Buckler           |    15 |    44 |    65 |   104 ||   228
